 Dungeon Crawl Stone Soup version 0.29-a0-284-gf9362112df (webtiles) character file.

Game seed: 7625531516185600404

52 quinnr the Gusty (level 3, -1/19 HPs)
             Began as a Tengu Air Elementalist on Mar 23, 2022.
             Slain by a gnoll
             ... wielding a +0 spear
              (4 damage)
             ... on level 2 of the Dungeon.
             The game lasted 00:04:14 (1708 turns).

quinnr the Gusty (Tengu Air Elementalist)           Turns: 1708, Time: 00:04:15

Health: -1/19      AC:  2    Str:  8    XL:     3   Next: 85%
Magic:  7/7        EV: 13    Int: 17    God:
Gold:   57         SH:  0    Dex: 20    Spells: 3/6 levels left

rFire   . . .      SeeInvis .   i - staff of poison
rCold   . . .      Faith    .   (no shield)
rNeg    . . .      Spirit   .   a - +0 robe
rPois   +          Reflect  .   (helmet restricted)
rElec   .          Harm     .   (no cloak)
rCorr   .          Rampage  .   (no gloves)
Will    .....                   (boots unavailable)
Stlth   ++........              (no amulet)
HPRegen 0.06/turn               c - +6 ring of dexterity
MPRegen 0.10/turn               (no ring)

@: no status effects
A: beak, talons 3
a: no special abilities


You were on level 2 of the Dungeon.
You visited 1 branch of the dungeon, and saw 2 of its levels.

You collected 57 gold pieces.

Inventory:

Hand Weapons
 g - a +0 whip
Missiles
 d - 71 stones
Armour
 a - a +0 robe (worn)
Magical Staves
 i - a staff of poison (weapon)
Jewellery
 c - a +6 ring of dexterity (left hand)
Scrolls
 e - a scroll of enchant weapon {unknown}
 f - 2 scrolls of identify {unknown}
 h - a scroll of immolation {unknown}
Potions
 b - a potion of magic
 j - a potion of haste {unknown}
 k - a potion of degeneration {unknown}


   Skills:
 - Level 2.1 Dodging
 - Level 2.0 Stealth
 - Level 2.0 Spellcasting
 - Level 1.3 Conjurations
 * Level 6.2 Air Magic


You had 3 spell levels left.
You knew the following spells:

 Your Spells              Type           Power      Damage    Failure   Level
a - Shock                 Conj/Air       56%        1d6       4%          1
b - Static Discharge      Conj/Air       14%        N/A       6%          2

Your spell library contained the following spells:

 Spells                   Type           Power      Damage    Failure   Level
 Swiftness                Air            22%        N/A       4%          3
 Magic Dart               Conj           24%        1d4       11%         1
 Searing Ray              Conj           12%        2d4       17%         2
 Airstrike                Air            11%        N/A       16%         4
 Fulminant Prism          Conj/Hex       2%         3d6       82%         4


Dungeon Overview and Level Annotations

Branches:
Dungeon (2/15)

Altars:

Annotations:
D:2 Sigmund


Innate Abilities, Weirdness & Mutations

You have a beak for a mouth.
You have claws for feet.


Message History

You climb upwards.
There is a stone staircase leading down here.
You start resting.
Magic restored.
You climb downwards.
Level annotation: Sigmund
There is a stone staircase leading up here.
The zap hits Sigmund.
Sigmund is moderately wounded.
The zap hits Sigmund but does no damage.
Sigmund is moderately wounded.
Sigmund gestures wildly while chanting.
Sigmund flickers and vanishes!
Deactivating autopickup; reactivate with Ctrl-A.
The gnoll misses you.
The gnoll hits you from afar with a +0 spear.
Something hits you!
Ouch! That really hurt!
You climb upwards.
Reactivating autopickup.
There is a stone staircase leading down here.
Unknown command.
You start resting.
Magic restored.
You start resting.
Memorise Static Discharge, consuming 2 spell levels and leaving 3?
You start memorising the spell.
You continue memorising. x2
You finish memorising.
Spell assigned to 'b'.
You climb downwards.
Level annotation: Sigmund Sigmund points at you and mumbles some strange words.
The puff of flame hits you!
Ouch! That really hurt!
* * * LOW HITPOINT WARNING * * *
There is a stone staircase leading up here.
Sigmund casts a spell.
Sigmund flickers and vanishes!
Deactivating autopickup; reactivate with Ctrl-A.
The gnoll hits you from afar with a +0 spear.
You die...

### #.. ## #.#
.. #g#
####.#.####g##
#..[.รท@......#
#(##.######{.[
#


You could see 2 gnolls.

Vanquished Creatures
  An adder (D:2)
  A ball python (D:1)
  2 endoplasms (D:1)
  3 giant cockroaches (D:1)
  A goblin (D:1)
  6 hobgoblins
  7 jackals (D:1)
  A quokka (D:1)
  3 frilled lizards (D:1)
  8 kobolds (D:1)
  6 rats (D:1)
39 creatures vanquished.

Vanquished Creatures (others)
  19 plants (D:1)
19 creatures vanquished.

Grand Total: 58 creatures vanquished

Notes
Turn   | Place    | Note
-------+----------+-------------------------------------------
     0 | D:1      | quinnr the Tengu Air Elementalist began the quest for the
                  | Orb.
     0 | D:1      | Reached XP level 1. HP: 10/10 MP: 4/4
     0 | D:1      | quinnr: !lg * won TeAE -log
     0 | D:1      | beem: 512. twelwe, XL27 TeAE, T:107456:
                  | http://crawl.akrasiac.org/rawdata/twelwe/morgue-twelwe-2022
                  | 0316-180801.txt
   236 | D:1      | Reached XP level 2. HP: 15/15 MP: 0/6
   448 | D:1      | Reached skill level 5 in Air Magic
   557 | D:1      | Found a faded altar of an unknown god.
   641 | D:1      | Reached XP level 3. HP: 18/19 MP: 1/7
  1453 | D:2      | Reached skill level 6 in Air Magic
  1471 | D:2      | Noticed Sigmund
  1706 | D:1      | Learned a level 2 spell: Static Discharge
  1708 | D:2      | Slain by a gnoll

Illustrated notes

Levels and vault maps discovered:
D:1:      minmay_arrival_shattered_statue, layout_rooms,
          chequers_ecumenical_altar_simple_redux, lexackson_kobold_supper
D:2:      layout_basic, minmay_tetromino_t2, uniq_sigmund, uniq_terence

Skill      XL: |  1  2  3 |
---------------+----------+-----
Air Magic      | 5 6 |  6.2
Dodging        | |  2.1
Stealth        | |  2.0
Spellcasting   | |  2.0
Conjurations   | |  1.3

Action                   || total
-------------------------++-------
Melee: Whip              ||     6
       Staff             ||     5
       Kick              ||     4
       Peck              ||     1
 Cast: Shock             ||    79
Armor: Robe              ||     5
Dodge: Dodged            ||    21

Table legend: (Time is in decaauts)
 A = Elapsed time spent in this place.
 B = Non-inter-level travel time spent in this place.
 C = Inter-level travel time spent in this place.
 D = Time resting spent in this place.
 E = Time spent auto-exploring this place.
 F = Levels seen in this place.
 G = Mean time per level.
                   A        B        C        D        E       F      G
               +--------+--------+--------+--------+--------+-----+--------+
         Total |   1709 |   1672 |     37 |    384 |   1029 |   2 |  854.5 |
       Dungeon |   1709 |   1672 |     37 |    384 |   1029 |   2 |  854.5 |
               +--------+--------+--------+--------+--------+-----+--------+

Top non-repeatable levels by time:
     D:1: 1678 daAuts
     D:2: 31 daAuts
